 Dungeon Crawl Stone Soup version 0.25.1-2-g60ff931df9 (webtiles) character file.

Game seed: 11358302371978189239

7172 Peloso the Carver (level 10, -1/88 HPs)
             Began as a Minotaur Fighter on Aug 27, 2020.
             Was an Elder of Okawaru.
             Slain by an unseen horror (6 damage)
             ... on level 11 of the Dungeon.
             The game lasted 00:19:41 (9736 turns).

Peloso the Carver (Minotaur Fighter)                Turns: 9736, Time: 00:19:42

Health: -1/88      AC: 14    Str: 23    XL:     10   Next: 86%
Magic:  17/17      EV: 10    Int:  8    God:    Okawaru [****..]
Gold:   640        SH: 12    Dex: 14    Spells: 9/9 levels left

rFire    + + .     SeeInvis .   a - +3 falchion (holy)
rCold    + + .     Gourm    .   c - +0 kite shield
rNeg     . . .     Faith    .   y - +0 chain mail
rPois    +         Spirit   .   (helmet restricted)
rElec    +         Reflect  .   x - scarf {rC+ rF+}
rCorr    +         Harm     .   r - +2 pair of gloves
MR       .....     Clarity  +   (no boots)
Stlth    ..........             (no amulet)
HPRegen  0.24/turn              v - ring of magical power (curse)
MPRegen  0.15/turn              B - ring of Neurosis {*Slow Int+3 Dex+3 Stlth-}

@: lethally poisoned (-1 -> -4), resistant, marked, hasted, very quick
A: retaliatory headbutt, horns 2, clarity, low mp 1
a: Heroism, Renounce Religion


You were on level 11 of the Dungeon.
You worshipped Okawaru.
Okawaru was greatly pleased with you.
You were hungry.

You visited 2 branches of the dungeon, and saw 12 of its levels.

You collected 640 gold pieces.

Inventory:

Hand Weapons
 a - a +3 falchion of holy wrath (weapon)
Armour
 b - a +0 scale mail
 c - a +0 kite shield (worn)
 r - a +2 pair of gloves (worn)
 x - a scarf of resistance (worn)
 y - a +0 chain mail (worn)
Jewellery
 h - an uncursed ring of stealth
 v - a cursed ring of magical power (left hand)
 B - the ring of Neurosis (right hand) {*Slow Int+3 Dex+3 Stlth-}
   (You found it on level 6 of the Dungeon)

   [ring of attention]

   It affects your intelligence (+3).
   It affects your dexterity (+3).
   It may slow you when you take damage.
   It makes you less stealthy.
Wands
 l - a wand of polymorph (8)
 t - a wand of random effects (16)
 u - a wand of disintegration (17)
 A - a wand of iceblast (13)
 F - a wand of paralysis (9)
Scrolls
 g - 6 scrolls of teleportation {unknown}
 i - 2 scrolls of blinking
 k - 2 scrolls of noise {unknown}
 o - a scroll of fear
 p - 3 scrolls of enchant armour {unknown}
 q - 7 scrolls of remove curse {unknown}
 w - 2 scrolls of fog
 z - a scroll of magic mapping
 J - a scroll of enchant weapon {unknown}
Potions
 d - a potion of might
 j - a potion of magic
 m - a potion of lignification
 s - a potion of flight
 D - a potion of cancellation {unknown}
Comestibles
 f - 14 rations


   Skills:
 + Level 8.3 Fighting
 + Level 11.2 Long Blades
 + Level 9.1 Armour
 + Level 5.3 Dodging
 + Level 2.4 Stealth
 + Level 10.7 Shields
 + Level 0.9 Invocations


You had 9 spell levels left.
You didn't know any spells.
Your spell library was empty.

Dungeon Overview and Level Annotations

Branches:
Dungeon (11/15)            Temple (1/1) D:7            Lair (0/6) D:11
    Orc (0/2) D:10

Altars:
Ashenzari
Fedhas
Gozag
Kikubaaqudgha
Makhleb
Nemelex Xobeh
Okawaru
Qazlal
Uskayaw
Vehumet
Wu Jian
Xom
Zin
The Shining One

Shops:
D:4 =

Annotations:
D:6 1 runed translucent door, H0rd4k's ghost, novice OpTm


Innate Abilities, Weirdness & Mutations

You reflexively headbutt those who attack you in melee.
You have a pair of horns on your head.
You possess an exceptional clarity of mind.
Your magical capacity is low. (-10% MP)


Message History

An iguana comes into view.
You feel yourself speed up.
You feel sick.
A killer bee comes into view.
The killer bee moves out of view.
You feel sick.
A killer bee comes into view.
You feel sick.
You open the door.
You feel sick.
The killer bee stings you but does no damage.
Something hits you but does no damage.
Deactivating autopickup; reactivate with Ctrl-A.
You closely miss something. Something hits you but does no damage.
The killer bee stings you but does no damage.
Your shield and chain mail prevent you from hitting something.
Something hits you.
* * * LOW HITPOINT WARNING * * *
The killer bee closely misses you.
You riposte.
You miss the killer bee.
Unknown command.
You slash something!
You feel sick. Something hits you.
You die...

,,,,,*
*,,,,,,,,,************
,,,,,*
*,,..,,,,,,,,,,,,,,,,,
,,,,,*
*,,..,,,,,************
***+** ***#.****** *,*
*.## *,* *..# *,* *#.#
**,* ###'## *,,* #..@.#
**,*** ***#..y.#***
******** ,,,,,*
**,,+....+,,** *,,,,<,,
,,,,,*
***,,*#....#*<,****,,,,,,,
,,,,,*
*,,,**#..y<#**,,,**,,,,,,,
,,,,,***,*** #.l..#
***,,+,,,,,,, ,,,,,**,,*
#....# *****,,,,,,,
,,,,,,,,** #....#
*,,,,,,,,,,, ,,,,,****
#....# *,******+***


You could see an iguana and 2 killer bees.

Vanquished Creatures
  Psyche (D:8)
  A komodo dragon (D:10)
  2 trolls
  2 hippogriffs (D:9)
  Grum (D:8)
  A steam dragon (D:9)
  4 orc warriors
  2 sky beasts
  An ice beast (D:7)
  A necrophage (D:9)
  2 phantoms
  4 wolves (D:8)
  8 ogres
  5 centaurs
  4 big kobolds
  3 bullfrogs
  4 gnoll sergeants (D:10)
  2 scorpions (D:8)
  5 killer bees (D:8)
  4 howler monkeys
  13 wights
  4 crimson imps
  2 quasits (D:7)
  8 hounds
  2 jellies
  An orc priest (D:7)
  A gnoll shaman (D:8)
  10 orc wizards
  2 bullfrog skeletons (D:7)
  3 centaur skeletons
  2 iguanas
  Natasha (D:3)
  3 worker ants
  3 hound skeletons
  2 worker ant zombies
  9 adders
  A howler monkey skeleton (D:5)
  3 gnolls (D:10)
  3 shadow imps
  2 adder skeletons (D:8)
  An adder zombie (D:8)
  4 dart slugs
  2 worms
  5 leopard geckos
  36 orcs
  A ball python (D:3)
  5 giant cockroaches
  10 hobgoblins
  5 jackals
  6 quokkas
  8 bats
  2 frilled lizards
  8 goblins
  10 kobolds
  A leopard gecko skeleton (D:4)
  8 rats
244 creatures vanquished.

Vanquished Creatures (others)
  An orc wizard (D:8)
  A jackal (D:8)
2 creatures vanquished.

Grand Total: 246 creatures vanquished

Notes
Turn   | Place    | Note
-------+----------+-------------------------------------------
     0 | D:1      | Peloso the Minotaur Fighter began the quest for the Orb.
     0 | D:1      | Reached XP level 1. HP: 19/19 MP: 0/0
   224 | D:1      | Reached XP level 2. HP: 27/27 MP: 1/1
   460 | D:1      | Reached skill level 3 in Long Blades
   499 | D:1      | Reached XP level 3. HP: 32/33 MP: 2/2
  1086 | D:2      | Found a radiant altar of Vehumet.
  1157 | D:2      | Found a shimmering altar of Xom.
  1563 | D:2      | Found a blossoming altar of Fedhas.
  1838 | D:3      | Reached XP level 4. HP: 40/40 MP: 3/3
  1921 | D:3      | Reached skill level 4 in Long Blades
  2096 | D:3      | Noticed Natasha
  2124 | D:3      | Killed Natasha
  2124 | D:3      | Reached XP level 5. HP: 17/46 MP: 4/4
  2319 | D:3      | Gained mutation: Your magical capacity is low. (-10% MP)
                  | [potion of mutation]
  2319 | D:3      | Gained mutation: You possess an exceptional clarity of
                  | mind. [potion of mutation]
  2691 | D:4      | Reached skill level 5 in Long Blades
  2691 | D:4      | Reached skill level 1 in Dodging
  2767 | D:4      | Noticed an ogre
  2871 | D:4      | Found Kuyggipe's Jewellery Emporium.
  3077 | D:5      | Entered Level 5 of the Dungeon
  3176 | D:5      | Reached skill level 5 in Armour
  3348 | D:5      | Reached XP level 6. HP: 17/52 MP: 4/4
  4654 | D:6      | Found a shattered altar of Ashenzari.
  4713 | D:6      | Reached skill level 5 in Shields
  4971 | D:6      | Noticed a +0 hand axe
  4972 | D:6      | Noticed a +0 dagger
  5004 | D:6      | Found a hide-covered altar of Uskayaw.
  5027 | D:6      | Found a runed translucent door.
  5027 | D:6      | Found a shimmering altar of Xom.
  5027 | D:6      | Noticed H0rd4k's ghost (novice OpTm)
  5028 | D:6      | Noticed a +1 dagger of chaos
  5174 | D:6      | Reached skill level 6 in Long Blades
  5174 | D:6      | Reached XP level 7. HP: 60/60 MP: 5/5
  5226 | D:6      | Got a clouded wooden ring
  5784 | D:7      | Noticed a troll
  5803 | D:7      | Killed a troll
  5803 | D:7      | Reached skill level 5 in Fighting
  5803 | D:7      | Reached skill level 1 in Stealth
  5962 | D:7      | Found a staircase to the Ecumenical Temple.
  5993 | D:7      | Reached XP level 8. HP: 37/68 MP: 6/6
  5995 | D:7      | Reached skill level 7 in Long Blades
  6134 | Temple   | Entered the Ecumenical Temple
  6162 | Temple   | Became a worshipper of Warmaster Okawaru
  6583 | D:7      | Found a glowing golden altar of the Shining One.
  6592 | D:7      | Found a glowing silver altar of Zin.
  6916 | D:8      | Reached skill level 8 in Long Blades
  6943 | D:8      | Reached * piety under Okawaru
  6978 | D:8      | Reached XP level 9. HP: 41/75 MP: 7/7
  7165 | D:8      | Noticed Psyche
  7168 | D:8      | Paralysed by Psyche for 2 turns
  7178 | D:8      | Killed Psyche
  7262 | D:8      | Noticed Grum
  7283 | D:8      | Reached ** piety under Okawaru
  7283 | D:8      | Reached skill level 9 in Long Blades
  7311 | D:8      | Killed Grum
  7776 | D:8      | Identified the ring of Neurosis {*Slow Int+3 Dex+3 Stlth-}
                  | (You found it on level 6 of the Dungeon)
  8066 | D:8      | Reached XP level 10. HP: 65/84 MP: 8/8
  8346 | D:9      | Reached *** piety under Okawaru
  8490 | D:9      | Reached skill level 5 in Dodging
  8729 | D:9      | Reached skill level 10 in Long Blades
  8842 | D:9      | Reached skill level 10 in Shields
  9049 | D:9      | Reached **** piety under Okawaru
  9388 | D:10     | Entered Level 10 of the Dungeon
  9619 | D:10     | Found a staircase to the Orcish Mines.
  9640 | D:10     | Reached skill level 11 in Long Blades
  9736 | D:11     | Slain by an unseen horror

Illustrated notes

Levels and vault maps discovered:
D:1:      roderic_chinese_lattice_arrival, layout_loops_ring
D:2:      wad_crossroads, layout_loops_ring, nicolae_overflow_hidden_temple,
          tgw_xom, fiery_altar_vehumet, first_ration, minmay_misc_feat_enclosed
D:3:      layout_rooms, kennysheep_big_empty_room, serial_bayou_pond_b,
          grunt_ministairs_5, uniq_natasha
D:4:      layout_basic, serial_shops, nicolae_shop_stone
D:5:      layout_cave_pods
D:6:      layout_loops_ring, dancing_weapons_uskayaw, ebering_ghost_xom,
          minivault_10, nicolae_ashenzari_panopticon
D:7:      layout_loops_corners, lemuel_crystal_altar, minmay_temple_entry_waves,
          tso_metal_star
D:8:      layout_rooms, grunt_ogre_cave, wad_rectangle_vault, uniq_grum,
          uniq_psyche
D:9:      layout_irregular_city, minivault_26, grunt_potential
D:10:     kennysheep_windowed_halls, layout_rooms,
          kennysheep_orc_monster_closet_entryway, ebering_ghost_reflecting_pool,
          uniq_erolcha
D:11:     layout_roguey, due_lair_maze_entry_diamond, gauntlet_entry_generic,
          uniq_josephine
Temple:   eino_temple_rhombus

Skill      XL: |  1  2  3  4  5  6  7  8  9 10 |
---------------+-------------------------------+-----
Armour         | 4 5 6 7 8 9 |  9.1
Shields        | 4 5 6 7 9 10 | 10.7
Long Blades    | 3 4 5 6 8 9 11 | 11.2
Fighting       | 4 5 6 8 |  8.3
Dodging        | 1 2 3 4 5 |  5.3
Stealth        | 1 2 |  2.4
Invocations    | |  0.9

Action                   |  1- 3 |  4- 6 |  7- 9 | 10-12 || total
-------------------------+-------+-------+-------+-------++-------
Melee: Long sword        |    98 |   136 |       |       ||   234
       Headbutt          |    10 |    29 |    63 |    51 ||   153
       Falchion          |       |    52 |   381 |   231 ||   664
Invok: Heroism           |       |       |     2 |     2 ||     4
  Use: Potion            |       |     4 |     7 |     3 ||    14
       Scroll            |       |       |     1 |     6 ||     7
 Stab: Sleeping          |       |       |     4 |       ||     4
       Invisible         |       |       |     1 |       ||     1
  Eat: Chunk             |     3 |     7 |    10 |     5 ||    25
       Ration            |       |     1 |       |       ||     1
Armor: Scale mail        |    50 |    81 |       |       ||   131
       Chain mail        |       |    23 |   192 |    80 ||   295
       Skin              |       |       |   127 |       ||   127
Dodge: Dodged            |    24 |    49 |   124 |    86 ||   283
Block: Kite shield       |    46 |   101 |   272 |   160 ||   579
       Rpst.: Long sword |     6 |    16 |       |       ||    22
       Falchion          |       |     2 |    35 |    16 ||    53
